Kings vs Whalers (R2)

Created - 10 novembre 2012 at 22:27

Simulating a Pre-Season

Goals
1 2 3 T
Kings 1 1 2 4
Whalers 0 1 1 2
Shots
1 2 3 T
Kings 7 5 11 23
Whalers 10 7 10 27

1st period

1. Kings , Nik Antropov 5 (Dustin Brown, Ryan Whitney) at 13:06

Penalties :
Randy Robitaille (LAK) for Hooking (Minor) at 1:05, Braydon Coburn (LAK) for Elbowing (Minor) at 6:00, Darcy Hordichuk (LAK) for Holding Stick (Minor) at 10:30, Nicklas Lidstrom (LAK) for Holding (Minor) at 13:29

2nd period

2. Whalers , Sami Kapanen 2 (Daymond Langkow) at 9:27
3. Kings , Nik Antropov 6 (Ryan Whitney, Dustin Brown) at 12:15 (PP)

Penalties :
Ray Whitney (Har) for Interference (Minor) at 0:32, Michael Rupp (Har) for Cross-checking (Minor) at 5:15, Alexei Morozov (LAK) for Elbowing (Minor) at 5:15, B.J. Crombeen (Har) for Hooking (Minor) at 11:37, Andy McDonald (Har) for Tripping (Minor) at 15:29, Francis Bouillon (LAK) for Hooking (Minor) at 15:29

3rd period

4. Kings , Derek Boogaard 3 (Nicklas Lidstrom, Dustin Brown) at 1:05
5. Kings , Dustin Brown 4 (Nik Antropov, Bryan McCabe) at 3:23 (PP)
6. Whalers , Daymond Langkow 1 (Andy McDonald, Mark Eaton) at 15:22

Penalties :
Sami Kapanen (Har) for Tripping (Minor) at 2:59, Matthew Barnaby (LAK) for Cross-checking (Minor) at 5:18, Darryl Sydor (Har) for Holding (Minor) at 12:11, Erik Cole (LAK) for Roughing (Minor) at 12:11, Bryan McCabe (LAK) for Hooking (Minor) at 17:34

Goalie Stats

Kevin Weekes (LAK), 25 saves from 27 shots - (0,926), W, 2-0-0, 60:00 minutes
Maxime Ouellet (Har), 7 saves from 7 shots - (1,000), 16:37 minutes
Vesa Toskala (Har), 12 saves from 16 shots - (0,750), L, 1-1-1, 43:23 minutes

Players Stats for Kings

Player Name              G  A  P  +/- PIM S  H  SB GA TA FO     MP     PP MP  PK MP  
------------------------------------------------------------------------------------
Alexei Morozov           0  0  0   0  2   1  1  1  1  0  2/2    17:39   0:51   0:00 
Braydon Coburn           0  0  0  -1  2   0  0  2  0  3  0/0    18:40   0:00   5:35 
Bryan McCabe             0  1  1  -1  2   0  0  2  0  0  0/0    20:01   1:08   4:18 
Darcy Hordichuk          0  0  0   0  2   0  1  0  0  3  0/1    13:33   0:00   4:07 
Derek Boogaard           1  0  1   0  0   3  3  0  0  0  0/0    13:29   0:51   0:38 
Dustin Brown             1  3  4   0  0   2  0  0  0  0  1/2    15:59   2:10   2:48 
Erik Cole                0  0  0   0  2   1  1  0  0  0  0/1    14:03   0:14   6:13 
Francis Bouillon         0  0  0   0  2   1  0  0  0  0  0/0    20:40   1:08   6:46 
François Beauchemin      0  0  0   0  0   1  2  0  0  0  0/0    15:25   0:00   5:08 
Matthew Barnaby          0  0  0   0  2   0  1  0  0  0  0/0     6:21   0:00   0:00 
Mike Ricci               0  0  0   0  0   1  2  3  0  0  3/4    13:02   0:00   4:46 
Mike Richards            0  0  0   0  0   0  0  0  0  0  2/13   14:00   0:51   0:10 
Nicklas Lidstrom         0  1  1   1  2   2  1  1  0  0  0/0    24:12   1:53   1:24 
Nik Antropov             2  1  3   0  0   4  4  0  1  0  5/17   17:12   2:10   0:00 
Randy Robitaille         0  0  0   0  2   1  0  0  0  0  2/7    11:35   0:00   5:06 
Rick Nash                0  0  0   0  0   5  2  1  0  0  1/4    16:01   1:56   0:00 
Ryan Whitney             0  2  2   1  0   1  0  1  0  0  0/0    22:52   1:53   0:37 
Steve Downie             0  0  0   0  0   0  1  0  0  0  0/0     7:16   0:00   0:00 

Players Stats for Whalers

Player Name              G  A  P  +/- PIM S  H  SB GA TA FO     MP     PP MP  PK MP  
------------------------------------------------------------------------------------
Andy McDonald            0  1  1   1  2   1  4  0  0  0  0/0    14:31   0:38   0:29 
Antoine Vermette         0  0  0   0  0   3  3  1  1  0  0/0    18:14   6:13   0:00 
B.J. Crombeen            0  0  0   0  2   0  2  0  0  0  0/0     7:05   0:31   0:00 
Brad Stuart              0  0  0   1  0   1  1  3  0  0  0/0    23:10   5:22   0:46 
Chad Kilger              0  0  0  -1  0   0  0  0  0  0  0/0     7:04   0:00   0:31 
Dan McGillis             0  0  0  -1  0   0  0  0  0  0  0/0    19:50   5:22   0:46 
Darryl Sydor             0  0  0  -1  2   1  1  0  0  0  0/0    21:44   6:32   0:00 
Daymond Langkow          1  1  2   1  0   3  2  0  0  0  5/9    14:24   0:31   0:27 
Dominic Moore            0  0  0  -1  0   0  2  0  1  0  3/6    10:26   0:00   2:03 
Filip Kuba               0  0  0   2  0   2  0  2  0  0  0/0    26:36   6:32   0:00 
Mark Eaton               0  1  1   0  0   4  2  1  0  0  0/0    16:05   0:00   2:15 
Michael Rupp             0  0  0   0  2   1  2  0  1  0  5/7    14:31   5:03   0:00 
Nils Ekman               0  0  0  -1  0   1  2  1  1  1  0/0     8:46   0:00   2:01 
Pavel Datsyuk            0  0  0   0  0   5  1  0  0  0  19/25  22:20   6:20   0:31 
Ray Whitney              0  0  0   0  2   1  1  1  1  0  0/0    14:29   5:03   0:00 
Sami Kapanen             1  0  1   1  2   2  0  0  1  0  0/0    16:18   5:03   0:00 
Shaone Morrisonn         0  0  0  -1  0   1  0  0  0  0  0/0    13:34   0:00   2:15 
Todd Bertuzzi            0  0  0   0  0   1  1  2  0  1  3/4    21:49   6:20   0:00 

3 Stars

1 - Nik Antropov (LAK)
2 - Dustin Brown (LAK)
3 - Daymond Langkow (Har)

Power Play

Kings - 2 on 3 Attempt(s) - 66,67%
Whalers - 0 on 6 Attempt(s) - 0,00%

Penalty Kill

Kings - 6 on 6 Attempt(s) - 100,00% - Score 0 goal in Penalty Kill
Whalers - 1 on 3 Attempt(s) - 33,33% - Score 0 goal in Penalty Kill

Official

Referees : StLaurent Francois and Pochmara Brian
Linesman : Pierre Champoux and Steve Barton

Game Notes

Maxime Ouellet enters game at 3:23 of 3rd period

Kings

5 vs 5 Forward 
   Center                   Left Wing                Right Wing               Time % Phy DF OF 
 1 Mike Richards            Rick Nash                Alexei Morozov           40     1   2  2  
 2 Nik Antropov             Derek Boogaard           Dustin Brown             30     1   2  2  
 3 Mike Ricci               Darcy Hordichuk          Steve Downie             20     1   2  2  
 4 Randy Robitaille         Erik Cole                Matthew Barnaby          10     1   2  2  

5 vs 5 Defense 
   Defense                  Defense                                           Time % Phy DF OF 
 1 Nicklas Lidstrom         Ryan Whitney                                      40     1   2  2  
 2 Braydon Coburn           Bryan McCabe                                      30     1   2  2  
 3 François Beauchemin      Francis Bouillon                                  20     1   2  2  
 4 François Beauchemin      Francis Bouillon                                  10     1   2  2  

PowerPlay Forward 
   Center                   Left Wing                Right Wing               Time % Phy DF OF 
 1 Nik Antropov             Rick Nash                Dustin Brown             60     0   1  4  
 2 Mike Richards            Derek Boogaard           Alexei Morozov           40     0   1  4  

PowerPlay Defense
   Defense                  Defense                                           Time % Phy DF OF 
 1 Nicklas Lidstrom         Ryan Whitney                                      60     0   2  3  
 2 Francis Bouillon         Bryan McCabe                                      40     0   2  3  

Penalty Kill 4 Players Forward 
   Center                   Wing                     Time % Phy DF OF 
 1 Randy Robitaille         Erik Cole                60     1   3  1  
 2 Mike Ricci               Darcy Hordichuk          40     1   3  1  

Penalty Kill 4 Players Defense
   Defense                  Defense                  Time % Phy DF OF 
 1 Braydon Coburn           Francis Bouillon         60     1   3  1  
 2 François Beauchemin      Bryan McCabe             40     1   3  1  

Penalty Kill - 3 Players Forward 
   Forward                                           Time % Phy DF OF 
 1 Nik Antropov                                      60     1   3  1  
 2 Randy Robitaille                                  40     1   3  1  

Penalty Kill - 3 Players Defense
   Defense                  Defense                  Time % Phy DF OF 
 1 Nicklas Lidstrom         Braydon Coburn           60     1   4  0  
 2 François Beauchemin      Francis Bouillon         40     1   4  0  

4 vs 4 Forward 
   Center                   Wing                     Time % Phy DF OF 
 1 Nik Antropov             Alexei Morozov           60     1   2  2  
 2 Rick Nash                Derek Boogaard           40     1   2  2  

4 vs 4 Defense
   Defense                  Defense                  Time % Phy DF OF 
 1 Nicklas Lidstrom         Ryan Whitney             60     1   2  2  
 2 Francis Bouillon         Bryan McCabe             40     1   2  2  

Last Minutes Offensive
   Center                   Left Wing                Right Wing               Defense                  Defense                  
   Nik Antropov             Rick Nash                Alexei Morozov           Nicklas Lidstrom         Ryan Whitney             

Last Minutes Defensive
   Center                   Left Wing                Right Wing               Defense                  Defense                  
   Nik Antropov             Darcy Hordichuk          Dustin Brown             Braydon Coburn           François Beauchemin      

Goaltenders
Starting : Kevin Weekes             
Backup : Jimmy Howard             

Extra Forwards
Normal : Darcy Hordichuk, Erik Cole, Dustin Brown - PP : Erik Cole, Darcy Hordichuk - PK : Dustin Brown
Extra Defensemen
Normal : François Beauchemin, Braydon Coburn, Francis Bouillon - PP : François Beauchemin - PK : Nicklas Lidstrom, Ryan Whitney
Penalty Shots
Alexei Morozov, Nik Antropov, Rick Nash, Mike Richards, Nicklas Lidstrom

Whalers

5 vs 5 Forward 
   Center                   Left Wing                Right Wing               Time % Phy DF OF 
 1 Pavel Datsyuk            Antoine Vermette         Todd Bertuzzi            40     1   1  3  
 2 Daymond Langkow          Andy McDonald            Sami Kapanen             30     1   1  3  
 3 Michael Rupp             Ray Whitney              B.J. Crombeen            20     1   2  2  
 4 Dominic Moore            Chad Kilger              Nils Ekman               10     1   3  1  

5 vs 5 Defense 
   Defense                  Defense                                           Time % Phy DF OF 
 1 Filip Kuba               Brad Stuart                                       40     1   3  1  
 2 Darryl Sydor             Dan McGillis                                      30     1   3  1  
 3 Mark Eaton               Shaone Morrisonn                                  20     1   3  1  
 4 Darryl Sydor             Filip Kuba                                        10     1   2  2  

PowerPlay Forward 
   Center                   Left Wing                Right Wing               Time % Phy DF OF 
 1 Pavel Datsyuk            Antoine Vermette         Todd Bertuzzi            60     1   1  3  
 2 Michael Rupp             Ray Whitney              Sami Kapanen             40     1   1  3  

PowerPlay Defense
   Defense                  Defense                                           Time % Phy DF OF 
 1 Darryl Sydor             Filip Kuba                                        60     1   1  3  
 2 Dan McGillis             Brad Stuart                                       40     1   1  3  

Penalty Kill 4 Players Forward 
   Center                   Wing                     Time % Phy DF OF 
 1 Dominic Moore            Nils Ekman               60     1   4  0  
 2 Pavel Datsyuk            Chad Kilger              40     1   3  1  

Penalty Kill 4 Players Defense
   Defense                  Defense                  Time % Phy DF OF 
 1 Mark Eaton               Shaone Morrisonn         60     1   3  1  
 2 Dan McGillis             Brad Stuart              40     1   3  1  

Penalty Kill - 3 Players Forward 
   Forward                                           Time % Phy DF OF 
 1 Dominic Moore                                     60     1   4  0  
 2 Pavel Datsyuk                                     40     1   3  1  

Penalty Kill - 3 Players Defense
   Defense                  Defense                  Time % Phy DF OF 
 1 Mark Eaton               Dan McGillis             60     1   4  0  
 2 Shaone Morrisonn         Brad Stuart              40     1   4  0  

4 vs 4 Forward 
   Center                   Wing                     Time % Phy DF OF 
 1 Pavel Datsyuk            Todd Bertuzzi            60     1   2  2  
 2 Daymond Langkow          Andy McDonald            40     1   2  2  

4 vs 4 Defense
   Defense                  Defense                  Time % Phy DF OF 
 1 Darryl Sydor             Filip Kuba               60     1   2  2  
 2 Dan McGillis             Brad Stuart              40     1   2  2  

Last Minutes Offensive
   Center                   Left Wing                Right Wing               Defense                  Defense                  
   Pavel Datsyuk            Andy McDonald            Todd Bertuzzi            Darryl Sydor             Filip Kuba               

Last Minutes Defensive
   Center                   Left Wing                Right Wing               Defense                  Defense                  
   Pavel Datsyuk            Andy McDonald            Todd Bertuzzi            Darryl Sydor             Filip Kuba               

Goaltenders
Starting : Vesa Toskala             
Backup : Maxime Ouellet           

Extra Forwards
Normal : Ray Whitney, Michael Rupp, Dominic Moore - PP : Ray Whitney, Michael Rupp - PK : Dominic Moore
Extra Defensemen
Normal : Mark Eaton, Shaone Morrisonn, Dan McGillis - PP : Mark Eaton - PK : Shaone Morrisonn, Dan McGillis
Penalty Shots
Pavel Datsyuk, Todd Bertuzzi, Sami Kapanen, Andy McDonald, Antoine Vermette

% Time on Ice - Kings

Lines # - Real PCT - Wanted PCT - Time Play
Normal Forward
1 - 39% - 40% - 15:09
2 - 27% - 30% - 10:44
3 - 19% - 20% - 7:16
4 - 15% - 10% - 5:59
Normal Defense
1 - 47% - 40% - 18:13
2 - 32% - 30% - 12:36
3 - 19% - 20% - 7:23
4 - 2% - 10% - 0:56
PP Forward
1 - 72% - 60% - 2:10
2 - 28% - 40% - 0:51
PP Defense
1 - 62% - 60% - 1:53
2 - 38% - 40% - 1:08
PK Forward
1 - 70% - 60% - 8:18
2 - 30% - 40% - 3:36
PK Defense
1 - 57% - 60% - 6:46
2 - 43% - 40% - 5:08
PK3 Forward
1 - 0% - 60%
2 - 0% - 40%
PK3 Defense
1 - 0% - 60%
2 - 0% - 40%
44 Forward
1 - 82% - 60% - 4:51
2 - 18% - 40% - 1:06
44 Defense
1 - 56% - 60% - 3:19
2 - 44% - 40% - 2:38
Last Minute Offensive  - 0:00
Last Minute Defensive  - 0:00
Total
Forward - 60:00
Defense - 60:00

% Time on Ice - Whalers

Lines # - Real PCT - Wanted PCT - Time Play
Normal Forward
1 - 38% - 40% - 14:53
2 - 29% - 30% - 11:16
3 - 16% - 20% - 6:26
4 - 17% - 10% - 6:33
Normal Defense
1 - 43% - 40% - 16:38
2 - 29% - 30% - 11:17
3 - 25% - 20% - 9:51
4 - 3% - 10% - 1:22
PP Forward
1 - 58% - 60% - 6:51
2 - 42% - 40% - 5:03
PP Defense
1 - 55% - 60% - 6:32
2 - 45% - 40% - 5:22
PK Forward
1 - 83% - 60% - 2:30
2 - 17% - 40% - 0:31
PK Defense
1 - 75% - 60% - 2:15
2 - 25% - 40% - 0:46
PK3 Forward
1 - 0% - 60%
2 - 0% - 40%
PK3 Defense
1 - 0% - 60%
2 - 0% - 40%
44 Forward
1 - 72% - 60% - 4:16
2 - 28% - 40% - 1:41
44 Defense
1 - 59% - 60% - 3:32
2 - 41% - 40% - 2:25
Last Minute Offensive  - 0:00
Last Minute Defensive  - 0:00
Total
Forward - 60:00
Defense - 60:00

Play by Play

1st period


0:01 of 1st period - Pavel Datsyuk wins face-off versus Mike Richards in neutral zone.
0:06 of 1st period - Wrist shot by Pavel Datsyuk.
0:06 of 1st period - Stopped by Kevin Weekes with a rebound.
0:08 of 1st period - Slapshot by Brad Stuart.
0:08 of 1st period - Deflect By Nicklas Lidstrom.
0:08 of 1st period - Stopped by Kevin Weekes with a rebound.
0:36 of 1st period - Slapshot by Sami Kapanen.
0:36 of 1st period - Stopped by Kevin Weekes with a rebound.
1:05 of 1st period - Minor Penalty to Randy Robitaille for Hooking.
1:06 of 1st period - Pavel Datsyuk wins face-off versus Dustin Brown in Kings zone.
2:52 of 1st period - Mike Ricci is hit by Michael Rupp and loses puck.
3:05 of 1st period - Penalty to Randy Robitaille is over, Randy Robitaille is back on ice.
3:10 of 1st period - Off-side.
3:11 of 1st period - Mike Richards wins face-off versus Dominic Moore in neutral zone.
3:16 of 1st period - Wrist shot by Rick Nash.
3:16 of 1st period - Stopped by Vesa Toskala with a rebound.
3:18 of 1st period - Snap shot by Alexei Morozov.
3:18 of 1st period - Shot Misses the Net.
3:20 of 1st period - Slapshot by Ryan Whitney.
3:20 of 1st period - Deflect By Chad Kilger.
3:20 of 1st period - Stopped by Vesa Toskala with a rebound.
3:22 of 1st period - Snap shot by Mike Richards.
3:22 of 1st period - Deflect By Rick Nash.
3:22 of 1st period - Stopped by Vesa Toskala with a rebound.
3:24 of 1st period - Slapshot by Ryan Whitney.
3:24 of 1st period - Shot Misses the Net.
4:00 of 1st period - Snap shot by Antoine Vermette.
4:00 of 1st period - Shot Misses the Net.
4:06 of 1st period - Darcy Hordichuk is hit by Brad Stuart and loses puck.
4:29 of 1st period - Wrist shot by Mike Richards.
4:29 of 1st period - Shot Misses the Net.
5:09 of 1st period - Snap shot by Nik Antropov.
5:09 of 1st period - Deflect By Dustin Brown.
5:09 of 1st period - Shot Misses the Net.
5:09 of 1st period - Puck is out of play.
5:10 of 1st period - Pavel Datsyuk wins face-off versus Mike Richards in Whalers zone.
5:32 of 1st period - Icing by Pavel Datsyuk.
5:33 of 1st period - Todd Bertuzzi wins face-off versus Nik Antropov in Whalers zone.
5:33 of 1st period - Todd Bertuzzi is hit by Nik Antropov.
6:00 of 1st period - Minor Penalty to Braydon Coburn for Elbowing.
6:01 of 1st period - Pavel Datsyuk wins face-off versus Randy Robitaille in Kings zone.
6:04 of 1st period - Slapshot by Pavel Datsyuk.
6:04 of 1st period - Shot Misses the Net.
8:00 of 1st period - Penalty to Braydon Coburn is over, Braydon Coburn is back on ice.
8:15 of 1st period - Wrist shot by Nils Ekman.
8:15 of 1st period - Stopped by Kevin Weekes with a rebound.
8:17 of 1st period - Slapshot by Mark Eaton.
8:17 of 1st period - Deflect By Darcy Hordichuk.
8:17 of 1st period - Stopped by Kevin Weekes with a rebound.
8:55 of 1st period - Snap shot by Rick Nash.
8:55 of 1st period - Stopped by Vesa Toskala with a rebound.
9:05 of 1st period - Francis Bouillon is hit by Andy McDonald and loses puck.
9:26 of 1st period - Erik Cole is hit by Antoine Vermette and loses puck.
9:41 of 1st period - Snap shot by Rick Nash.
9:41 of 1st period - Stopped by Vesa Toskala with a rebound.
10:30 of 1st period - Minor Penalty to Darcy Hordichuk for Holding Stick.
10:31 of 1st period - Randy Robitaille wins face-off versus Pavel Datsyuk in Kings zone.
10:31 of 1st period - Randy Robitaille is hit by Darryl Sydor.
11:49 of 1st period - Pavel Datsyuk is hit by Erik Cole.
11:59 of 1st period - Darryl Sydor is hit by Mike Ricci and loses puck.
12:03 of 1st period - Icing by Filip Kuba.
12:04 of 1st period - Mike Ricci wins face-off versus Michael Rupp in Whalers zone.
12:29 of 1st period - Erik Cole is hit by Antoine Vermette and loses puck.
12:30 of 1st period - Penalty to Darcy Hordichuk is over, Darcy Hordichuk is back on ice.
12:52 of 1st period - Snap shot by Mike Richards.
12:52 of 1st period - Shot Blocked by Nils Ekman.
13:06 of 1st period - Slapshot by Nik Antropov.
13:06 of 1st period - Goal by Nik Antropov - Kings : 1 - Whalers : 0.
13:07 of 1st period - Pavel Datsyuk wins face-off versus Mike Richards in neutral zone.
13:14 of 1st period - Slapshot by Nicklas Lidstrom.
13:14 of 1st period - Shot Blocked by Todd Bertuzzi.
13:16 of 1st period - Slapshot by Ryan Whitney.
13:16 of 1st period - Deflect By Rick Nash.
13:16 of 1st period - Stopped by Vesa Toskala without a rebound.
13:17 of 1st period - Pavel Datsyuk wins face-off versus Mike Richards in Whalers zone.
13:17 of 1st period - Filip Kuba is hit by Rick Nash and loses puck.
13:29 of 1st period - Minor Penalty to Nicklas Lidstrom for Holding.
13:30 of 1st period - Pavel Datsyuk wins face-off versus Erik Cole in Kings zone.
13:35 of 1st period - Snap shot by Antoine Vermette.
13:35 of 1st period - Shot Blocked by Braydon Coburn.
13:37 of 1st period - Slapshot by Filip Kuba.
13:37 of 1st period - Shot Misses the Net.
13:39 of 1st period - Wrist shot by Todd Bertuzzi.
13:39 of 1st period - Stopped by Kevin Weekes without a rebound.
13:40 of 1st period - Pavel Datsyuk wins face-off versus Randy Robitaille in Kings zone.
14:13 of 1st period - Snap shot by Pavel Datsyuk.
14:13 of 1st period - Stopped by Kevin Weekes with a rebound.
14:55 of 1st period - Snap shot by Antoine Vermette.
14:55 of 1st period - Stopped by Kevin Weekes with a rebound.
14:57 of 1st period - Snap shot by Pavel Datsyuk.
14:57 of 1st period - Shot Misses the Net.
14:59 of 1st period - Slapshot by Darryl Sydor.
14:59 of 1st period - Stopped by Kevin Weekes without a rebound.
15:00 of 1st period - Michael Rupp wins face-off versus Mike Ricci in Kings zone.
15:11 of 1st period - Slapshot by Sami Kapanen.
15:11 of 1st period - Shot Blocked by Mike Ricci.
15:13 of 1st period - Wrist shot by Ray Whitney.
15:13 of 1st period - Shot Misses the Net.
15:15 of 1st period - Snap shot by Michael Rupp.
15:15 of 1st period - Shot Blocked by Bryan McCabe.
15:29 of 1st period - Penalty to Nicklas Lidstrom is over, Nicklas Lidstrom is back on ice.
15:42 of 1st period - Snap shot by Dominic Moore.
15:42 of 1st period - Shot Blocked by Alexei Morozov.
15:44 of 1st period - Slapshot by Nils Ekman.
15:44 of 1st period - Shot Misses the Net.
17:40 of 1st period - Francis Bouillon is hit by Ray Whitney and loses puck.
18:18 of 1st period - Dan McGillis is hit by Steve Downie and loses puck.
18:46 of 1st period - Sami Kapanen is hit by Nik Antropov and loses puck.
19:11 of 1st period - Wrist shot by Nils Ekman.
19:11 of 1st period - Shot Blocked by Mike Ricci.
19:15 of 1st period - Slapshot by Dominic Moore.
19:15 of 1st period - Shot Misses the Net.
19:43 of 1st period - Wrist shot by Rick Nash.
19:43 of 1st period - Shot Misses the Net.
19:53 of 1st period - Slapshot by Filip Kuba.
19:53 of 1st period - Stopped by Kevin Weekes with a rebound.

2nd period


0:01 of 2nd period - Pavel Datsyuk wins face-off versus Mike Richards in neutral zone.
0:32 of 2nd period - Minor Penalty to Ray Whitney for Interference.
0:33 of 2nd period - Dominic Moore wins face-off versus Nik Antropov in Whalers zone.
0:38 of 2nd period - Ryan Whitney is hit by Dominic Moore and loses puck.
2:32 of 2nd period - Penalty to Ray Whitney is over, Ray Whitney is back on ice.
2:49 of 2nd period - Wrist shot by Pavel Datsyuk.
2:49 of 2nd period - Shot Misses the Net.
3:09 of 2nd period - Filip Kuba is hit by Nicklas Lidstrom and loses puck.
3:39 of 2nd period - Snap shot by Pavel Datsyuk.
3:39 of 2nd period - Stopped by Kevin Weekes with a rebound.
4:09 of 2nd period - Braydon Coburn is hit by Dominic Moore and loses puck.
4:36 of 2nd period - Icing by Todd Bertuzzi.
4:37 of 2nd period - Pavel Datsyuk wins face-off versus Nik Antropov in Whalers zone.
5:00 of 2nd period - Slapshot by Michael Rupp.
5:00 of 2nd period - Stopped by Kevin Weekes without a rebound.
5:01 of 2nd period - Michael Rupp wins face-off versus Rick Nash in Kings zone.
5:15 of 2nd period - Minor Penalty to Michael Rupp for Cross-checking.
5:15 of 2nd period - Minor Penalty to Alexei Morozov for Elbowing.
5:16 of 2nd period - Nik Antropov wins face-off versus Todd Bertuzzi in Kings zone.
6:48 of 2nd period - Daymond Langkow is hit by Derek Boogaard and loses puck.
7:15 of 2nd period - Penalty to Michael Rupp is over, Michael Rupp is back on ice.
7:15 of 2nd period - Penalty to Alexei Morozov is over, Alexei Morozov is back on ice.
7:23 of 2nd period - Wrist shot by Rick Nash.
7:23 of 2nd period - Deflect By Ray Whitney.
7:23 of 2nd period - Shot Blocked by Ray Whitney.
7:23 of 2nd period - Puck is out of play.
7:24 of 2nd period - Michael Rupp wins face-off versus Mike Richards in Whalers zone.
7:24 of 2nd period - Michael Rupp is hit by François Beauchemin.
7:33 of 2nd period - Off-side.
7:34 of 2nd period - Pavel Datsyuk wins face-off versus Mike Richards in neutral zone.
7:36 of 2nd period - Off-side.
7:37 of 2nd period - Pavel Datsyuk wins face-off versus Mike Richards in neutral zone.
7:48 of 2nd period - Wrist shot by Rick Nash.
7:48 of 2nd period - Shot Blocked by Filip Kuba.
8:02 of 2nd period - Nicklas Lidstrom is hit by Daymond Langkow and loses puck.
8:30 of 2nd period - Wrist shot by Darcy Hordichuk.
8:30 of 2nd period - Shot Misses the Net.
8:32 of 2nd period - Slapshot by Steve Downie.
8:32 of 2nd period - Deflect By Michael Rupp.
8:32 of 2nd period - Shot Misses the Net.
8:32 of 2nd period - Puck is out of play.
8:33 of 2nd period - Pavel Datsyuk wins face-off versus Mike Richards in Whalers zone.
8:33 of 2nd period - Pavel Datsyuk is hit by Rick Nash.
8:56 of 2nd period - Icing by Alexei Morozov.
8:57 of 2nd period - Nik Antropov wins face-off versus Daymond Langkow in Kings zone.
8:57 of 2nd period - Braydon Coburn is hit by Daymond Langkow and loses puck.
9:15 of 2nd period - Braydon Coburn is hit by Andy McDonald and loses puck.
9:22 of 2nd period - Ryan Whitney is hit by Andy McDonald and loses puck.
9:27 of 2nd period - Snap shot by Sami Kapanen.
9:27 of 2nd period - Goal by Sami Kapanen - Kings : 1 - Whalers : 1.
9:28 of 2nd period - Pavel Datsyuk wins face-off versus Mike Richards in neutral zone.
9:43 of 2nd period - Snap shot by Alexei Morozov.
9:43 of 2nd period - Deflect By Rick Nash.
9:43 of 2nd period - Deflect By Antoine Vermette.
9:43 of 2nd period - Shot Misses the Net.
9:43 of 2nd period - Puck is out of play.
9:44 of 2nd period - Nik Antropov wins face-off versus Daymond Langkow in Whalers zone.
9:45 of 2nd period - Wrist shot by Dustin Brown.
9:45 of 2nd period - Stopped by Vesa Toskala with a rebound.
11:37 of 2nd period - Minor Penalty to B.J. Crombeen for Hooking.
11:38 of 2nd period - Dominic Moore wins face-off versus Nik Antropov in Whalers zone.
11:44 of 2nd period - Icing by Ryan Whitney.
11:45 of 2nd period - Dustin Brown wins face-off versus Dominic Moore in Kings zone.
12:15 of 2nd period - Slapshot by Nik Antropov.
12:15 of 2nd period - Goal by Nik Antropov - Kings : 2 - Whalers : 1.
12:16 of 2nd period - Alexei Morozov wins face-off versus Pavel Datsyuk in neutral zone.
13:36 of 2nd period - Mike Richards is hit by Nils Ekman.
14:09 of 2nd period - Slapshot by Shaone Morrisonn.
14:09 of 2nd period - Stopped by Kevin Weekes without a rebound.
14:10 of 2nd period - Nik Antropov wins face-off versus Daymond Langkow in Kings zone.
14:15 of 2nd period - Mark Eaton is hit by Nik Antropov and loses puck.
14:26 of 2nd period - Snap shot by Andy McDonald.
14:26 of 2nd period - Stopped by Kevin Weekes with a rebound.
14:50 of 2nd period - Alexei Morozov is hit by Pavel Datsyuk and loses puck.
15:23 of 2nd period - Snap shot by Erik Cole.
15:23 of 2nd period - Shot Misses the Net.
15:25 of 2nd period - Snap shot by Francis Bouillon.
15:25 of 2nd period - Stopped by Vesa Toskala with a rebound.
15:27 of 2nd period - Slapshot by François Beauchemin.
15:27 of 2nd period - Deflect By Filip Kuba.
15:27 of 2nd period - Stopped by Vesa Toskala without a rebound.
15:28 of 2nd period - Daymond Langkow wins face-off versus Nik Antropov in Whalers zone.
15:28 of 2nd period - Daymond Langkow is hit by Derek Boogaard.
15:29 of 2nd period - Minor Penalty to Andy McDonald for Tripping.
15:29 of 2nd period - Minor Penalty to Francis Bouillon for Hooking.
15:30 of 2nd period - Pavel Datsyuk wins face-off versus Nik Antropov in Whalers zone.
15:44 of 2nd period - Backhand shot by Nik Antropov.
15:44 of 2nd period - Stopped by Vesa Toskala with a rebound.
16:08 of 2nd period - Wrist shot by Derek Boogaard.
16:08 of 2nd period - Shot Misses the Net.
17:29 of 2nd period - Penalty to Andy McDonald is over, Andy McDonald is back on ice.
17:29 of 2nd period - Penalty to Francis Bouillon is over, Francis Bouillon is back on ice.
18:06 of 2nd period - Snap shot by Dominic Moore.
18:06 of 2nd period - Shot Misses the Net.
18:08 of 2nd period - Snap shot by Mark Eaton.
18:08 of 2nd period - Stopped by Kevin Weekes with a rebound.
18:10 of 2nd period - Slapshot by Mark Eaton.
18:10 of 2nd period - Deflect By Nik Antropov.
18:10 of 2nd period - Stopped by Kevin Weekes with a rebound.
18:12 of 2nd period - Wrist shot by Dominic Moore.
18:12 of 2nd period - Shot Misses the Net.
18:46 of 2nd period - Slapshot by Michael Rupp.
18:46 of 2nd period - Deflect By Dominic Moore.
18:46 of 2nd period - Deflect By Nik Antropov.
18:46 of 2nd period - Shot Misses the Net.
18:46 of 2nd period - Puck is out of play.
18:47 of 2nd period - Mike Ricci wins face-off versus Pavel Datsyuk in Kings zone.
19:24 of 2nd period - Wrist shot by Randy Robitaille.
19:24 of 2nd period - Shot Misses the Net.
19:55 of 2nd period - Dan McGillis is hit by Matthew Barnaby and loses puck.

3rd period


0:01 of 3rd period - Pavel Datsyuk wins face-off versus Rick Nash in neutral zone.
0:04 of 3rd period - Slapshot by Filip Kuba.
0:04 of 3rd period - Deflect By Mike Richards.
0:04 of 3rd period - Stopped by Kevin Weekes with a rebound.
0:12 of 3rd period - Wrist shot by Alexei Morozov.
0:12 of 3rd period - Shot Misses the Net.
0:14 of 3rd period - Snap shot by Ryan Whitney.
0:14 of 3rd period - Shot Blocked by Brad Stuart.
0:16 of 3rd period - Wrist shot by Alexei Morozov.
0:16 of 3rd period - Stopped by Vesa Toskala with a rebound.
0:27 of 3rd period - Off-side.
0:28 of 3rd period - Daymond Langkow wins face-off versus Nik Antropov in neutral zone.
0:54 of 3rd period - Darryl Sydor is hit by François Beauchemin and loses puck.
1:01 of 3rd period - Snap shot by Dustin Brown.
1:01 of 3rd period - Shot Misses the Net.
1:03 of 3rd period - Slapshot by Nicklas Lidstrom.
1:03 of 3rd period - Shot Misses the Net.
1:05 of 3rd period - Slapshot by Derek Boogaard.
1:05 of 3rd period - Goal by Derek Boogaard - Kings : 3 - Whalers : 1.
1:06 of 3rd period - Pavel Datsyuk wins face-off versus Mike Richards in neutral zone.
1:17 of 3rd period - Snap shot by Pavel Datsyuk.
1:17 of 3rd period - Shot Blocked by Rick Nash.
1:19 of 3rd period - Slapshot by Brad Stuart.
1:19 of 3rd period - Shot Blocked by Nicklas Lidstrom.
1:21 of 3rd period - Slapshot by Brad Stuart.
1:21 of 3rd period - Deflect By Antoine Vermette.
1:21 of 3rd period - Stopped by Kevin Weekes with a rebound.
1:42 of 3rd period - Slapshot by Derek Boogaard.
1:42 of 3rd period - Stopped by Vesa Toskala with a rebound.
2:02 of 3rd period - Slapshot by Dan McGillis.
2:02 of 3rd period - Shot Blocked by Ryan Whitney.
2:14 of 3rd period - Snap shot by Erik Cole.
2:14 of 3rd period - Shot Blocked by Todd Bertuzzi.
2:24 of 3rd period - Snap shot by Erik Cole.
2:24 of 3rd period - Shot Misses the Net.
2:59 of 3rd period - Minor Penalty to Sami Kapanen for Tripping.
3:00 of 3rd period - Dominic Moore wins face-off versus Nik Antropov in Whalers zone.
3:10 of 3rd period - Icing by Bryan McCabe.
3:11 of 3rd period - Nik Antropov wins face-off versus Dominic Moore in Kings zone.
3:11 of 3rd period - Nik Antropov is hit by Nils Ekman.
3:23 of 3rd period - Wrist shot by Dustin Brown.
3:23 of 3rd period - Goal by Dustin Brown - Kings : 4 - Whalers : 1.
3:23 of 3rd period - Maxime Ouellet enters game.
3:24 of 3rd period - Alexei Morozov wins face-off versus Pavel Datsyuk in neutral zone.
3:27 of 3rd period - Slapshot by Nicklas Lidstrom.
3:27 of 3rd period - Stopped by Maxime Ouellet with a rebound.
3:39 of 3rd period - Slapshot by Alexei Morozov.
3:39 of 3rd period - Deflect By Todd Bertuzzi.
3:39 of 3rd period - Shot Blocked by Brad Stuart.
3:39 of 3rd period - Puck is out of play.
3:40 of 3rd period - Daymond Langkow wins face-off versus Nik Antropov in Whalers zone.
3:53 of 3rd period - Slapshot by Ryan Whitney.
3:53 of 3rd period - Shot Blocked by Brad Stuart.
3:55 of 3rd period - Wrist shot by Nik Antropov.
3:55 of 3rd period - Shot Blocked by Filip Kuba.
4:40 of 3rd period - Bryan McCabe is hit by Antoine Vermette and loses puck.
5:13 of 3rd period - Icing by Braydon Coburn.
5:14 of 3rd period - Daymond Langkow wins face-off versus Randy Robitaille in Kings zone.
5:18 of 3rd period - Minor Penalty to Matthew Barnaby for Cross-checking.
5:19 of 3rd period - Randy Robitaille wins face-off versus Michael Rupp in Kings zone.
5:34 of 3rd period - Snap shot by Ray Whitney.
5:34 of 3rd period - Stopped by Kevin Weekes with a rebound.
6:50 of 3rd period - Bryan McCabe is hit by B.J. Crombeen and loses puck.
7:01 of 3rd period - Snap shot by B.J. Crombeen.
7:01 of 3rd period - Shot Misses the Net.
7:18 of 3rd period - Penalty to Matthew Barnaby is over, Matthew Barnaby is back on ice.
8:14 of 3rd period - Mike Richards is hit by B.J. Crombeen and loses puck.
8:25 of 3rd period - Slapshot by Mike Ricci.
8:25 of 3rd period - Shot Misses the Net.
8:37 of 3rd period - Pavel Datsyuk is hit by Nik Antropov and loses puck.
9:05 of 3rd period - Brad Stuart is hit by Alexei Morozov and loses puck.
9:13 of 3rd period - Icing by Dominic Moore.
9:14 of 3rd period - Michael Rupp wins face-off versus Randy Robitaille in Whalers zone.
9:57 of 3rd period - Snap shot by Pavel Datsyuk.
9:57 of 3rd period - Stopped by Kevin Weekes with a rebound.
9:59 of 3rd period - Snap shot by Pavel Datsyuk.
9:59 of 3rd period - Shot Misses the Net.
10:21 of 3rd period - Darcy Hordichuk is hit by Mark Eaton and loses puck.
10:30 of 3rd period - Wrist shot by Sami Kapanen.
10:30 of 3rd period - Shot Misses the Net.
11:04 of 3rd period - Nicklas Lidstrom is hit by Todd Bertuzzi and loses puck.
11:09 of 3rd period - Snap shot by Pavel Datsyuk.
11:09 of 3rd period - Stopped by Kevin Weekes without a rebound.
11:10 of 3rd period - Todd Bertuzzi wins face-off versus Nik Antropov in Kings zone.
11:11 of 3rd period - Wrist shot by Pavel Datsyuk.
11:11 of 3rd period - Deflect By Antoine Vermette.
11:11 of 3rd period - Stopped by Kevin Weekes with a rebound.
11:23 of 3rd period - Wrist shot by Nik Antropov.
11:23 of 3rd period - Stopped by Maxime Ouellet without a rebound.
11:24 of 3rd period - Mike Richards wins face-off versus Pavel Datsyuk in Whalers zone.
12:11 of 3rd period - Minor Penalty to Darryl Sydor for Holding.
12:11 of 3rd period - Minor Penalty to Erik Cole for Roughing.
12:12 of 3rd period - Pavel Datsyuk wins face-off versus Nik Antropov in Whalers zone.
12:27 of 3rd period - Snap shot by Pavel Datsyuk.
12:27 of 3rd period - Shot Misses the Net.
12:55 of 3rd period - Wrist shot by Nicklas Lidstrom.
12:55 of 3rd period - Shot Blocked by Mark Eaton.
13:01 of 3rd period - Nicklas Lidstrom is hit by Mark Eaton and loses puck.
13:11 of 3rd period - Off-side.
13:12 of 3rd period - Daymond Langkow wins face-off versus Rick Nash in neutral zone.
13:15 of 3rd period - Wrist shot by Daymond Langkow.
13:15 of 3rd period - Stopped by Kevin Weekes without a rebound.
13:16 of 3rd period - Rick Nash wins face-off versus Daymond Langkow in Kings zone.
14:11 of 3rd period - Penalty to Darryl Sydor is over, Darryl Sydor is back on ice.
14:11 of 3rd period - Penalty to Erik Cole is over, Erik Cole is back on ice.
14:42 of 3rd period - Slapshot by Nicklas Lidstrom.
14:42 of 3rd period - Stopped by Maxime Ouellet with a rebound.
15:14 of 3rd period - Slapshot by Mark Eaton.
15:14 of 3rd period - Shot Blocked by Bryan McCabe.
15:16 of 3rd period - Slapshot by Filip Kuba.
15:16 of 3rd period - Shot Misses the Net.
15:18 of 3rd period - Slapshot by Mark Eaton.
15:18 of 3rd period - Stopped by Kevin Weekes with a rebound.
15:20 of 3rd period - Snap shot by Andy McDonald.
15:20 of 3rd period - Shot Misses the Net.
15:22 of 3rd period - Wrist shot by Daymond Langkow.
15:22 of 3rd period - Goal by Daymond Langkow - Kings : 4 - Whalers : 2.
15:23 of 3rd period - Mike Ricci wins face-off versus Pavel Datsyuk in neutral zone.
15:50 of 3rd period - Bryan McCabe is hit by Andy McDonald and loses puck.
16:14 of 3rd period - Snap shot by Nik Antropov.
16:14 of 3rd period - Deflect By Derek Boogaard.
16:14 of 3rd period - Stopped by Maxime Ouellet with a rebound.
16:16 of 3rd period - Wrist shot by Derek Boogaard.
16:16 of 3rd period - Shot Misses the Net.
16:40 of 3rd period - Slapshot by Daymond Langkow.
16:40 of 3rd period - Stopped by Kevin Weekes with a rebound.
16:42 of 3rd period - Snap shot by Daymond Langkow.
16:42 of 3rd period - Shot Blocked by Mike Ricci.
16:56 of 3rd period - Snap shot by Erik Cole.
16:56 of 3rd period - Stopped by Maxime Ouellet with a rebound.
16:58 of 3rd period - Wrist shot by Erik Cole.
16:58 of 3rd period - Shot Blocked by Antoine Vermette.
17:00 of 3rd period - Snap shot by Randy Robitaille.
17:00 of 3rd period - Stopped by Maxime Ouellet without a rebound.
17:01 of 3rd period - Michael Rupp wins face-off versus Darcy Hordichuk in Whalers zone.
17:01 of 3rd period - Darryl Sydor is hit by Mike Ricci and loses puck.
17:09 of 3rd period - Dan McGillis is hit by Darcy Hordichuk and loses puck.
17:34 of 3rd period - Minor Penalty to Bryan McCabe for Hooking.
17:35 of 3rd period - Pavel Datsyuk wins face-off versus Randy Robitaille in Kings zone.
17:38 of 3rd period - Snap shot by Pavel Datsyuk.
17:38 of 3rd period - Shot Blocked by Braydon Coburn.
18:40 of 3rd period - Randy Robitaille is hit by Michael Rupp and loses puck.
19:34 of 3rd period - Penalty to Bryan McCabe is over, Bryan McCabe is back on ice.
19:49 of 3rd period - Slapshot by Mike Ricci.
19:49 of 3rd period - Stopped by Maxime Ouellet without a rebound.
19:50 of 3rd period - Todd Bertuzzi wins face-off versus Nik Antropov in Whalers zone.
19:50 of 3rd period - Todd Bertuzzi is hit by Derek Boogaard.


Output by the SimonT Hockey Simulator (STHS) for François Prévost -- Original Page W3C XHTML 1.0 Valid
Hockey Simulator - Hockey Simulation - Hockey Manager